 Dungeon Crawl Stone Soup version 0.31-a0-37-g98a128e1d9 (webtiles) character file.

Game seed: 17748369857487950972

1875 frimble the Slasher (level 9, -3/58 (69) HPs)
             Began as a Gnoll Reaver on May 15, 2023.
             Slain by an orc warrior
             ... wielding a +0 war axe
              (6 damage)
             ... in a bailey.
             The game lasted 00:08:57 (4047 turns).

frimble the Slasher (Gnoll Reaver)                  Turns: 4047, Time: 00:08:57

HP:   -3/58 (69)    AC: 13    Str:  8    XL:     9   Next: 14%
MP:   18/18         EV: 13    Int: 16    God:
Gold: 1235          SH:  0    Dex: 13    Spells: 17/21 levels left

rFire   . . .        k - +8 double sword of the Maze {freeze, Will+}
rCold   . . .        (no shield)
rNeg    . . .        b - +0 leather armour
rPois   .            (no helmet)
rElec   .            j - +2 cloak {Stlth+}
rCorr   .            (no gloves)
SInv    .            f - +2 pair of boots of Omission {Regen+ Str-5 Dex+3}
Will    +....        (no amulet)
Stlth   ++           n - +4 ring of protection
HPRegen 1.09/turn    (no ring)
MPRegen 0.16/turn

%: no passive effects
@: silenced, heavily drained
A: fangs 1, strong nose, distributed training
a: no special abilities


You were in a bailey.
You visited 1 branch of the dungeon, and saw 5 of its levels.
You also visited: Bailey.

You collected 1235 gold pieces.

Inventory:

Hand Weapons
 i - a +1 dagger of pain
 k - the +8 double sword of the Maze (weapon) {freeze, Will+}
   (You acquired it on level 2 of the Dungeon)

   Will:      It increases your willpower.
Armour
 b - a +0 leather armour (worn)
 f - the +2 pair of boots of Omission (worn) {Regen+ Str-5 Dex+3}
   (You acquired it on level 2 of the Dungeon)

   Str:       It affects your strength (-5).
   Dex:       It affects your dexterity (+3).
   Regen:     It increases your rate of health regeneration.
 j - a +2 cloak of stealth (worn)
Jewellery
 n - a +4 ring of protection (left hand)
Scrolls
 d - 7 scrolls of teleportation
 e - 5 scrolls of magic mapping
 o - a scroll of fog
Potions
 h - 7 potions of flight
 l - 2 potions of curing


   Skills:
 + Level 6.2 Fighting
 + Level 4.1 Short Blades
 + Level 7.8 Long Blades
 + Level 4.1 Axes
 + Level 4.1 Maces & Flails
 + Level 4.1 Polearms
 + Level 4.1 Staves
 + Level 4.1 Ranged Weapons
 + Level 4.1 Throwing
 + Level 4.1 Armour
 + Level 6.2 Dodging
 + Level 4.1 Stealth
 + Level 4.1 Shields
 + Level 4.1 Unarmed Combat
 + Level 6.5 Spellcasting
 + Level 6.5 Conjurations
 + Level 3.3 Hexes
 + Level 3.3 Summonings
 + Level 3.3 Necromancy
 + Level 3.3 Translocations
 + Level 3.3 Transmutations
 + Level 3.3 Fire Magic
 + Level 3.3 Ice Magic
 + Level 3.3 Air Magic
 + Level 3.3 Earth Magic
 + Level 3.3 Poison Magic
 + Level 4.5 Invocations
 + Level 4.1 Evocations


You had 17 spell levels left.
You knew the following spells:

 Your Spells              Type           Power      Damage    Failure   Level
a - Kiss of Death         Conj/Necr      84%        2d11      2%          1
b - Teleport Other        Tloc           16%        N/A       13%         3

Your spell library contained the following spells:

 Spells                   Type           Power      Damage    Failure   Level
 Momentum Strike          Conj/Tloc      42%        3d9       3%          2
 Lesser Beckoning         Tloc           32%        N/A       7%          2
 Hailstorm                Conj/Ice       21%        3d6       7%          3
 Gell's Gravitas          Tloc           16%        N/A       13%         3
 Summon Guardian Golem    Hex/Summ       16%        N/A       13%         3
 Summon Mana Viper        Hex/Summ       16%        N/A       77%         5
 Yara's Violent Unravell  Hex/Tmut       8%         3d5       77%         5
 Enfeeble                 Hex            8%         N/A       100%        7


Dungeon Overview and Level Annotations

Branches:
Dungeon (7/15)             Temple (0/1) D:7          Bailey (1/1)

Altars:
Makhleb
Uskayaw
Zin


Innate Abilities, Weirdness & Mutations

You have very sharp teeth.
Your uncanny sense of smell can sniff out nearby items.
Your experience applies equally to all skills.


Message History

As you read the scroll labelled YNIORO NASKE, it crumbles to dust.
The scroll dissolves into smoke.
It was a scroll of fog.
g - a poisoned dart
There are no items here.
Things that are here:
a +0 hand axe; a +0 leather armour; a gnoll corpse It was a potion of cancellation.
Your magical effects are unravelling.
You feel magically purged.
You feel yourself slow down.
Throw: dart (poison)
Press: ? - help, Q - select action, (/) - cycle Shift-Dir - straight line, f/p - orc warlord
Aim: an orc warlord, wielding a +6 broad axe and wearing a +0 plate armour (blue smoke, almost dead, lightly drained, 73% to hit)
You throw a poisoned dart. The poisoned dart hits the orc warlord.
The orc warlord is poisoned.
The orc warlord is almost dead.
An orc knight comes into view. It is wielding a +0 war axe.
The orc warlord roars a battlecry!
There is an open door, spattered with blood here.
As you read the scroll labelled AVVOMIT TANU, it crumbles to dust.
Your body is wracked with pain!
* * * LOW HITPOINT WARNING * * *
The orc knight convulses!
The orc knight shouts!
The orc warlord convulses!
The orc warrior convulses!
The orc warrior shouts!
The orc warrior convulses!
It was a scroll of torment.
The orc warlord looks more healthy.
As you read the scroll labelled IMYKOG PODGH, it crumbles to dust.
A profound silence engulfs you.
It was a scroll of silence.
You hit the orc warlord but do no damage.
The orc warlord is almost dead.
The orc warlord seems less drained.
The orc warlord hits you with a +6 broad axe!
* * * LOW HITPOINT WARNING * * *
You hit the orc warlord but do no damage.
Your bite misses the orc warlord.
The orc warlord is almost dead.
The orc warrior hits you with a +0 war axe.
You die...

####### ##..∩..## #..))...#
##.......## #.........#
##.........##
#######.....⌠.....#######
#.....##.......o@##.....##
.......')......o.o.......#
.......##.(.....##.......##
........#.......#.........#
........##88.88##...).....##
...⌠.....###'###.....⌠.....#
........###...###..)).....##
........#.......#..o..(...#
.......##.......##§§§§(..##


You could see an orc warlord, an orc knight and an orc warrior.

Vanquished Creatures
  An orc knight (Bailey)
  A water moccasin (D:7)
  11 orc warriors (Bailey)
  2 hounds
  Terence (D:2)
  2 adders
  8 gnolls
  4 worms
  2 dart slugs
  16 orcs
  4 ball pythons
  4 endoplasms
  2 giant cockroaches
  17 goblins
  12 hobgoblins
  4 quokkas
  2 bats
  6 frilled lizards
  4 kobolds
  4 rats
107 creatures vanquished.

Notes
Turn   | Place    | Note
-------+----------+-------------------------------------------
     0 | D:1      | frimble the Gnoll Reaver began the quest for the Orb.
     0 | D:1      | Reached XP level 1. HP: 20/20 MP: 6/6
   203 | D:1      | Reached XP level 2. HP: 26/26 MP: 7/7
   291 | D:1      | Got the Folio of Bad Luck
   994 | D:2      | Reached skill level 5 in Spellcasting
   994 | D:2      | Reached XP level 3. HP: 31/31 MP: 7/9
  1151 | D:2      | Noticed Terence
  1181 | D:2      | Killed Terence
  1182 | D:2      | Reached skill level 1 in Short Blades
  1182 | D:2      | Reached skill level 1 in Axes
  1182 | D:2      | Reached skill level 1 in Maces & Flails
  1182 | D:2      | Reached skill level 1 in Polearms
  1182 | D:2      | Reached skill level 1 in Staves
  1182 | D:2      | Reached skill level 1 in Ranged Weapons
  1182 | D:2      | Reached skill level 1 in Throwing
  1182 | D:2      | Reached skill level 1 in Armour
  1182 | D:2      | Reached skill level 1 in Stealth
  1182 | D:2      | Reached skill level 1 in Shields
  1182 | D:2      | Reached skill level 1 in Unarmed Combat
  1182 | D:2      | Reached skill level 1 in Invocations
  1182 | D:2      | Reached skill level 1 in Evocations
  1182 | D:2      | Reached XP level 4. HP: 8/32 MP: 8/11
  1784 | D:2      | Reached skill level 1 in Hexes
  1784 | D:2      | Reached skill level 1 in Summonings
  1784 | D:2      | Reached skill level 1 in Necromancy
  1784 | D:2      | Reached skill level 1 in Translocations
  1784 | D:2      | Reached skill level 1 in Transmutations
  1784 | D:2      | Reached skill level 1 in Fire Magic
  1784 | D:2      | Reached skill level 1 in Ice Magic
  1784 | D:2      | Reached skill level 1 in Air Magic
  1784 | D:2      | Reached skill level 1 in Earth Magic
  1784 | D:2      | Reached skill level 1 in Poison Magic
  1858 | D:2      | Identified 3 scrolls of acquirement
  1858 | D:2      | Acquired a +2 cloak of stealth
  1865 | D:2      | Acquired the +8 double sword of the Maze {freeze, Will+}
  1867 | D:2      | Acquired the +2 pair of boots of Omission {Regen+ Str-5
                  | Dex+3}
  2163 | D:3      | Found a glowing silver altar of Zin.
  2190 | D:3      | Found a burning altar of Makhleb.
  3061 | D:4      | Reached XP level 5. HP: 39/43 MP: 12/12
  3272 | D:4      | Found a hide-covered altar of Uskayaw.
  3387 | D:4      | You fall into a shaft and drop 3 floors!
  3414 | D:7      | Found a flagged portal.
  3415 | D:7      | Noticed a water moccasin
  3419 | D:7      | Killed a water moccasin
  3420 | D:7      | Reached skill level 5 in Fighting
  3420 | D:7      | Reached skill level 5 in Dodging
  3420 | D:7      | Reached XP level 6. HP: 41/51 MP: 14/14
  3429 | Bailey   | Entered a bailey
  3480 | Bailey   | Noticed an orc warrior
  3500 | Bailey   | Killed an orc warrior
  3501 | Bailey   | Reached skill level 7 in Long Blades
  3501 | Bailey   | Reached XP level 7. HP: 52/56 MP: 15/15
  3626 | Bailey   | Reached XP level 8. HP: 63/63 MP: 16/16
  3632 | Bailey   | Noticed an orc knight
  3655 | Bailey   | Killed an orc knight
  3779 | Bailey   | Learned a level 3 spell: Teleport Other
  3794 | Bailey   | Reached XP level 9. HP: 66/69 MP: 18/18
  3883 | Bailey   | Noticed an orc warlord
  3884 | Bailey   | Acquired 910 gold pieces
  4042 | Bailey   | Noticed an orc knight
  4046 | Bailey   | HP: 2/58 [orc warlord/+6 broad axe (16)]
  4047 | Bailey   | Slain by an orc warrior

Illustrated notes

Levels and vault maps discovered:
D:1:      lightli_arrival_statuegarden, layout_loops_corners, minmay_ruptured
D:2:      layout_loops_cross, uniq_terence
D:3:      wad_pebble_path, layout_basic, pf_just_have_faith, zin_treasury
D:4:      layout_basic, general_overflow_altar, kennysheep_big_empty_room,
          grunt_decor_arrowhead, chequers_serial_rivers_large_a
D:7:      layout_cave_pools, okawaru_metal_pillars_1_2,
          minmay_temple_entry_arrows, enter_bailey_3, uniq_pikel,
          uniq_prince_ribbit1, uniq_duvessa
Bailey:   bailey_axe_minmay_hex_keep, bailey

Skill      XL: |  1  2  3  4  5  6  7  8  9 |
---------------+----------------------------+-----
Spellcasting   | 5 6 |  6.5
Short Blades   | 1 2 3 4 |  4.1
Axes           | 1 2 3 4 |  4.1
Maces & Flails | 1 2 3 4 |  4.1
Polearms       | 1 2 3 4 |  4.1
Staves         | 1 2 3 4 |  4.1
Ranged Weapons | 1 2 3 4 |  4.1
Throwing       | 1 2 3 4 |  4.1
Armour         | 1 2 3 4 |  4.1
Stealth        | 1 2 3 4 |  4.1
Shields        | 1 2 3 4 |  4.1
Unarmed Combat | 1 2 3 4 |  4.1
Invocations    | 1 2 3 4 |  4.5
Evocations     | 1 2 3 4 |  4.1
Hexes          | 1 2 3 |  3.3
Summonings     | 1 2 3 |  3.3
Necromancy     | 1 2 3 |  3.3
Translocations | 1 2 3 |  3.3
Transmutations | 1 2 3 |  3.3
Fire Magic     | 1 2 3 |  3.3
Ice Magic      | 1 2 3 |  3.3
Air Magic      | 1 2 3 |  3.3
Earth Magic    | 1 2 3 |  3.3
Poison Magic   | 1 2 3 |  3.3
Fighting       | 5 6 |  6.2
Dodging        | 5 6 |  6.2
Long Blades    | 7 |  7.8
Conjurations   | 6 |  6.5

Action                     |  1- 3 |  4- 6 |  7- 9 || total
---------------------------+-------+-------+-------++-------
  Melee: Falchion          |    70 |    13 |       ||    83
         Bite              |     2 |     6 |    16 ||    24
         Punch             |     2 |     1 |     3 ||     6
         Dagger            |       |    26 |       ||    26
         Double sword      |       |    69 |   121 ||   190
  Throw: Dart              |       |       |     8 ||     8
   Cast: Kiss of Death     |     2 |       |     1 ||     3
    Use: Scroll            |     3 |     5 |     5 ||    13
         Potion            |     2 |       |     5 ||     7
   Stab: Sleeping          |       |     2 |       ||     2
 Armour: Leather armour    |    17 |    36 |    28 ||    81
  Dodge: Dodged            |    38 |    71 |    54 ||   163

Table legend: (Time is in decaauts)
 A = Elapsed time spent in this place.
 B = Non-inter-level travel time spent in this place.
 C = Inter-level travel time spent in this place.
 D = Time resting spent in this place.
 E = Time spent auto-exploring this place.
 F = Levels seen in this place.
 G = Mean time per level.
                   A        B        C        D        E       F      G
               +--------+--------+--------+--------+--------+-----+--------+
         Total |   4052 |   3925 |    127 |      0 |   3045 |   6 |  675.3 |
       Dungeon |   3436 |   3309 |    127 |      0 |   2863 |   5 |  687.2 |
        Bailey |    616 |    616 |      0 |      0 |    182 |   1 |  616.0 |
               +--------+--------+--------+--------+--------+-----+--------+

Top non-repeatable levels by time:
     D:2: 955 daAuts
     D:1: 938 daAuts
     D:3: 749 daAuts
     D:4: 747 daAuts
  Bailey: 616 daAuts
     D:7: 44 daAuts
